 Dungeon Crawl Stone Soup version 0.30.1 (webtiles) character file.

Game seed: 6148671857129707304

39 Heoruswealwe the Conjurer (level 3, -2/19 HPs)
             Began as a Deep Elf Conjurer on July 13, 2023.
             Slain by an orc
             ... wielding a +0 club
              (6 damage)
             ... on level 2 of the Dungeon.
             The game lasted 00:07:24 (805 turns).

Heoruswealwe the Conjurer (Deep Elf Conjurer)        Turns: 805, Time: 00:07:24

Health: -2/19      AC:  0    Str:  4    XL:     3   Next: 26%
Magic:  10/10      EV: 12    Int: 24    God:
Gold:   90         SH:  0    Dex: 13    Spells: 4/10 levels left

rFire   . . .        (no weapon)
rCold   . . .        (no shield)
rNeg    . . .        (no body armour)
rPois   .            (no helmet)
rElec   .            (no cloak)
rCorr   .            (no gloves)
SInv    .            (no boots)
Will    .....        (no amulet)
Stlth   ++           (no ring)
HPRegen 0.23/turn    (no ring)
MPRegen 0.12/turn

%: no passive effects
@: very slightly contaminated
A: no striking features
a: no special abilities


You were on level 2 of the Dungeon.
You visited 1 branch of the dungeon, and saw 2 of its levels.

You collected 90 gold pieces.

Inventory:

Magical Staves
 o - a staff of cold
Scrolls
 a - a scroll of teleportation {unknown}
 c - a scroll of enchant armour {unknown}
 d - a scroll of poison {unknown}
 i - a scroll of blinking {unknown}
Potions
 e - a potion of invisibility {unknown}
 f - a potion of attraction {unknown}
 g - a potion of curing {unknown}
 h - a potion of cancellation {unknown}


   Skills:
 - Level 2.4 Dodging
 - Level 2.4 Stealth
 + Level 4.2 Spellcasting
 + Level 5.0 Conjurations


You had 4 spell levels left.
You knew the following spells:

 Your Spells              Type           Power      Damage    Failure   Level
a - Magic Dart            Conj           100%       1d8       1%          1
b - Searing Ray           Conj           58%        2d6       1%          2
c - Dazzling Flash        Conj/Hex       34%        N/A       10%         3

Your spell library contained the following spells:

 Spells                   Type           Power      Damage    Failure   Level
 Fulminant Prism          Conj/Hex       8%         3d7       32%         4
 Iskenderun's Mystic Bla  Conj/Tloc      17%        2d5       32%         4


Dungeon Overview and Level Annotations

Branches:
Dungeon (2/15)

Altars:
The Shining One


Message History

The orc attacks as you move away! The orc hits you with a +0 club.
The orc attacks as you move away! The orc barely misses you.
The orc attacks as you move away! The orc barely misses you.
The orc attacks as you move away! The orc hits you with a +0 hand axe.
A frilled lizard comes into view.
Found a stone staircase leading down.
Casting: Searing Ray (safe; 1% risk of failure)
Confirm with . or Enter, or press ? or * to list all spells.
Aiming: Searing Ray (safe; 1% risk of failure)
Press: ? - help, Shift-Dir - straight line, f/p - orc
Aim: an orc, wielding a +0 hand axe and wearing a +0 leather armour (moderately wounded, 79% to hit)
You miscast Searing Ray.
You are very lightly contaminated with residual magic.
Nothing appears to happen.
The goblin shouts!
A bat comes into view.
A frilled lizard comes into view.
The orc hits you with a +0 hand axe.
The bat moves out of view.
The orc hits you with a +0 hand axe!
* * * LOW HITPOINT WARNING * * *
Casting: Searing Ray (safe; 1% risk of failure)
Confirm with . or Enter, or press ? or * to list all spells.
Aiming: Searing Ray (safe; 1% risk of failure)
Press: ? - help, Shift-Dir - straight line, f/p - orc
Aim: an orc, wielding a +0 hand axe and wearing a +0 leather armour (moderately wounded, 79% to hit)
The searing ray hits the orc!
You kill the orc!
The searing ray misses the orc. x2 (Press . to maintain the ray.)
The frilled lizard hisses angrily.
The searing ray hits the orc but does no damage.
The searing ray hits the orc!
You kill the orc!
The bat hits you.
* * * LOW HITPOINT WARNING * * *
The orc completely misses you. Magic courses through your body.
The orc barely misses you. The bat hits you.
* * * LOW HITPOINT WARNING * * *
The orc hits you with a +0 club.
You die...

...... #.####.#(..
.......#######.........<
......................##
...........####.).....#
.)......_..####.......#
....l...................
....b....).....####....#
......g###.#...##......#
.......@o)..............
.....l.###.....##...####
.$...## ###...# ......
.... ##...#####.... >..
+............. ..
##............ .
#............
#.....?......
#.<.......###


You could see an orc, a goblin, a bat and 2 frilled lizards.

Vanquished Creatures
  An adder (D:2)
  2 orcs (D:2)
  A bat (D:1)
  5 endoplasms (D:1)
  A giant cockroach (D:1)
  A goblin (D:1)
  3 hobgoblins (D:1)
  A kobold (D:1)
  A quokka (D:2)
  3 ball pythons (D:1)
  5 frilled lizards (D:1)
  3 rats (D:1)
27 creatures vanquished.

Notes
Turn   | Place    | Note
-------+----------+-------------------------------------------
     0 | D:1      | Heoruswealwe the Deep Elf Conjurer began the quest for the
                  | Orb.
     0 | D:1      | Reached XP level 1. HP: 10/10 MP: 6/6
   168 | D:1      | Reached XP level 2. HP: 9/15 MP: 0/8
   171 | D:1      | Learned a level 2 spell: Searing Ray
   754 | D:2      | Reached skill level 5 in Conjurations
   754 | D:2      | Reached XP level 3. HP: 13/19 MP: 5/10
   758 | D:2      | Learned a level 3 spell: Dazzling Flash
   758 | D:2      | Found a glowing golden altar of the Shining One.
   805 | D:2      | Slain by an orc

Illustrated notes

Levels and vault maps discovered:
D:1:      dpeg_arrival_round_b, layout_basic
D:2:      layout_basic, basic_altar

Skill      XL: |  1  2 |
---------------+-------+-----
Spellcasting   | 4 |  4.2
Conjurations   | 5 |  5.0
Dodging        | |  2.4
Stealth        | |  2.4

Action                     || total
---------------------------++-------
   Cast: Magic Dart        ||    46
         Searing Ray       ||     3
    Use: Potion            ||     1
 Armour: Robe              ||     2
  Dodge: Dodged            ||    17
